 Dungeon Crawl Stone Soup version 0.27-a0-385-g3208abaabc (webtiles) character file.

Game seed: 13279964293938820110

190718 Morbidden the Blocker (level 17, -4/143 HPs)
             Began as a Demigod Brigand on Feb 18, 2021.
             Slain by an imperial myrmidon
             ... wielding a +0 scimitar
              (19 damage)
             ... in the Desolation of Salt.
             The game lasted 01:12:06 (30191 turns).

Morbidden the Blocker (Demigod Brigand)            Turns: 30191, Time: 01:12:06

Health: -4/143     AC: 20    Str: 16 (27) XL:     17   Next: 0%
Magic:  35/35      EV:  8    Int: 22 (27) God:
Gold:   2435       SH:  0    Dex: 17 (28) Spells: 27/34 levels left

rFire    . . .     SeeInvis .   a - +11 dagger "Asuudat" {venom, Str+3 Dex+7}
rCold    . . .     Faith    .   T - +0 tower shield
rNeg     . . .     Spirit   .   D - +1 plate armour "Kampahaw" {rElec Regen+}
rPois    +         Reflect  +   X - +1 helmet of Ghostly Happiness {Regen+}
rElec    +         Harm     .   s - +0 cloak of the Hanged Man {Regen+ Int+3 Dex+3}
rCorr    .         Rampage  .   (no gloves)
Will     +....                  C - +0 pair of boots of Polytheism {Int+3 Dex+3}
Stlth    ..........             w - amulet of reflection
HPRegen  3.33/turn              Y - +4 ring of slaying
MPRegen  0.24/turn              h - ring of poison resistance

@: confused, studying 2 skills
A: high mp 1, wild magic 1
}: 1/15 runes: gossamer
a: no special abilities


You were in the Desolation of Salt.
You visited 6 branches of the dungeon, and saw 29 of its levels.
You also visited: Gauntlet, Ice Cave and Desolation.

You collected 3365 gold pieces.
You spent 930 gold pieces at shops.

Inventory:

Hand Weapons
 a - the +11 dagger "Asuudat" (weapon) {venom, Str+3 Dex+7}
   (You bought it in a shop on level 4 of the Dungeon)

   It poisons the flesh of those it strikes.
   It affects your strength (+3).
   It affects your dexterity (+7).
 E - a +2 scimitar of electrocution
 Q - a +2 scimitar of flaming
Missiles
 d - 105 poisoned darts (quivered)
 e - 2 curare-tipped darts
 G - 14 boomerangs of dispersal
 V - 15 silver javelins
Armour
 s - the +0 cloak of the Hanged Man (worn) {Regen+ Int+3 Dex+3}
   (You found it on level 6 of the Lair of Beasts)

   It affects your intelligence (+3).
   It affects your dexterity (+3).
   It increases your rate of regeneration.
 C - the +0 pair of boots of Polytheism (worn) {Int+3 Dex+3}
   (You found it on level 5 of the Dungeon)

   It affects your intelligence (+3).
   It affects your dexterity (+3).
 D - the +1 plate armour "Kampahaw" (worn) {rElec Regen+}
   (You found it on level 6 of the Dungeon)

   It insulates you from electricity.
   It increases your rate of regeneration.
 T - a +0 tower shield (worn)
 X - the +1 helmet of Ghostly Happiness (worn) {Regen+}
   (You found it on level 1 of the Lair of Beasts)

   It increases your rate of regeneration.
Jewellery
 h - a ring of poison resistance (right hand)
 w - an amulet of reflection (around neck)
 K - a +6 ring of intelligence
 M - the ring of Pragmatism {rF++ Will+}
   (You found it on level 8 of the Dungeon)

   [ring of willpower]

   It greatly protects you from fire.
   It affects your willpower, your defense against some magical effects.
 P - a ring of resist corrosion
 U - the ring of the Voivode {rPois rC+ MP+9 Str+2 Int-4 Stlth+}
   (You found it on level 2 of the Spider Nest)

   [ring of magical power]

   It affects your strength (+2).
   It affects your intelligence (-4).
   It protects you from cold.
   It protects you from poison.
   It affects your magic capacity (+9).
   It makes you more stealthy.
 Y - a +4 ring of slaying (left hand)
Wands
 c - a wand of iceblast (9)
 q - a wand of polymorph (37)
 u - a wand of digging (4)
 H - a wand of flame (62)
 L - a wand of acid (28)
 R - a wand of random effects (21)
 Z - a wand of paralysis (21)
Scrolls
 i - 6 scrolls of amnesia
 j - 4 scrolls of magic mapping
 n - 3 scrolls of blinking
 p - 3 scrolls of enchant weapon
 x - 2 scrolls of silence
 y - a scroll of fear
 F - 3 scrolls of immolation
 S - 4 scrolls of teleportation
 W - 2 scrolls of fog
Potions
 b - 2 potions of cancellation
 f - 5 potions of brilliance
 k - 7 potions of resistance
 l - 15 potions of ambrosia
 m - 3 potions of attraction
 o - 4 potions of might
 r - 17 potions of curing
 t - 4 potions of heal wounds
 v - 3 potions of degeneration
 z - a potion of haste
 A - 7 potions of lignification
 J - 2 potions of berserk rage
 N - 3 potions of flight
 O - 7 potions of mutation
Miscellaneous
 B - a condenser vane (inert)


   Skills:
 * Level 10.8 Fighting
 + Level 10.2 Short Blades
 + Level 3.6 Throwing
 + Level 9.0 Armour
 * Level 9.7 Dodging
 * Level 11.2 Stealth
 + Level 14.9 Shields
 * Level 9.1 Spellcasting
 * Level 8.8 Necromancy
 * Level 4.8 Air Magic
 * Level 3.5 Evocations


You had 27 spell levels left.
You knew the following spells:

 Your Spells              Type           Power        Failure   Level
a - Vampiric Draining     Necr           29%          63%         3
b - Airstrike             Air            20%          100%        4

Your spell library contained the following spells:

 Spells                   Type           Power        Failure   Level
 Animate Skeleton         Necr           100%         30%         1
 Pain                     Necr           100%         30%         1
 Corpse Rot               Necr/Air       N/A          67%         2
 Swiftness                Air            40%          90%         2
 Animate Dead             Necr           29%          95%         4
 Shock                    Conj/Air       100%         98%         1
 Freeze                   Ice            52%          100%        1
 Ensorcelled Hibernation  Hex/Ice        26%          100%        2
 Confusing Touch          Hex            13%          100%        3
 Frozen Ramparts          Ice            26%          100%        3
 Gell's Gravitas          Tloc           6%           100%        3
 Ozocubu's Armour         Ice            13%          100%        3
 Static Discharge         Conj/Air       26%          100%        3
 Stone Arrow              Conj/Erth      26%          100%        3
 Hailstorm                Conj/Ice       13%          100%        4
 Ice Form                 Ice/Tmut       13%          100%        4
 Petrify                  Tmut/Erth      13%          100%        4
 Summon Ice Beast         Ice/Summ       13%          100%        4
 Agony                    Necr           59%          100%        5
 Bolt of Magma            Conj/Fire/Erth 6%           100%        5
 Iskenderun's Battlesphe  Conj           13%          100%        5
 Lightning Bolt           Conj/Air       13%          100%        5
 Metabolic Englaciation   Hex/Ice        6%           100%        5
 Summon Forest            Summ/Tloc      6%           100%        5
 Yara's Violent Unravell  Hex/Tmut       6%           100%        5
 Eringya's Noxious Bog    Tmut/Pois      6%           100%        6
 Freezing Cloud           Conj/Ice/Air   11%          100%        6
 Hydra Form               Tmut           6%           100%        6
 Iron Shot                Conj/Erth      6%           100%        6
 Simulacrum               Ice/Necr       19%          100%        6
 Orb of Destruction       Conj           6%           100%        7
 Ozocubu's Refrigeration  Ice            6%           100%        7
 Spellforged Servitor     Conj/Summ      6%           100%        7
 Summon Hydra             Summ           6%           100%        7


Dungeon Overview and Level Annotations

Branches:
Dungeon (15/15)            Temple (1/1) D:6            Lair (6/6) D:8
 Shoals (0/4) Lair:2       Spider (4/4) Lair:3        Slime (0/5) Lair:6
    Orc (2/2) D:9             Elf (0/3) Orc:2        Vaults (1/5) D:13
 Depths (0/5) D:15          IceCv (visited)         Desolation (1/1)
Gauntlet (visited)

Shops:
D:4 *((([   D:7 !   D:8 (   D:15 *   Orc:2 **?!:

Annotations:
D:8 2 transporters, Gwrg's ghost, novice DrWz
D:9 3 runed translucent doors, Armakuni's ghost, novice DgNe
D:10 2 transporters, exclusion: oklob plant, highc0's ghost, journeyman DEWz
D:13 2 transporters, highc0's ghost, journeyman DEEn


Innate Abilities, Weirdness & Mutations

You have an increased reservoir of magic. (+10% MP)
Your spells are a little harder to cast, but a little more powerful.


Message History

You block the imperial myrmidon's attack.
You block the saltling's attack.
The halazid warlock touches you but does no damage.
You hit the imperial myrmidon.
The imperial myrmidon looks as sick as possible!
The imperial myrmidon is moderately wounded.
The ragged hierophant gestures wildly while chanting.
The ragged hierophant begins to accept its allies' injuries.
The imperial myrmidon casts a spell at you.
You are confused.
Your shield and plate armour "Kampahaw" prevent you from hitting the ragged hierophant.
The ragged hierophant is moderately wounded.
The saltling hits you.
The halazid warlock touches you but does no damage.
You bump into the rock wall.
The saltling closely misses you.
The imperial myrmidon hits you with a +0 scimitar!!
The ragged hierophant hits you but does no damage.
The halazid warlock touches you! The saltling closely misses you.
You closely miss the imperial myrmidon.
The imperial myrmidon is moderately wounded.
The imperial myrmidon completely misses you.
The ragged hierophant hits you but does no damage.
The halazid warlock touches you but does no damage.
Unknown command.
You puncture the ragged hierophant!
The ragged hierophant is poisoned.
The ragged hierophant is moderately wounded.
The saltling barely misses you.
The imperial myrmidon casts a spell at you.
Your body is wracked with pain!
Unknown command.
You bump into the stone wall.
The saltling hits you!
* * * LOW HITPOINT WARNING * * *
The halazid warlock touches you.
* * * LOW HITPOINT WARNING * * *
You writhe in agony!
* * * LOW HITPOINT WARNING * * *
The ragged hierophant casts a spell at you.
A blast of power from the earth and the saltling strikes you!
The imperial myrmidon hits you with a +0 scimitar!!
You die...

.. # ..#. §. ##...§
§§ §§#§.....
§##.§§§§§.#..§.
....§§#§§§...§§
...##§§8§§#§§§.
#..###L..#...§§
.#§).#@p.#.§...§
..§#.§p8#...§§.§
§.§§§§#.........
§§§§§§§......§...§
§.§§§...........§..
§.§§...............
..§§...............
§§§§...............
.§§§.............


You could see a ragged hierophant (very poisoned), an imperial myrmidon
(sheltered, extremely poisoned), a halazid warlock (sheltered) and 2 saltlings.

Vanquished Creatures
  Kirke (D:15)
  10 emperor scorpions
  3 ghost moths (Spider:4)
  A frost giant (IceCv)
  A cacodemon (Gauntlet)
  A minotaur (Gauntlet)
  A spark wasp (Spider:2)
  4 entropy weavers
  The ghost of Jugh the Grappler, a journeyman DDFi of Ru (Lair:3)
  2 ragged hierophants
  An ice dragon (Orc:2)
  A boulder beetle (D:13)
  2 rakshasas (D:15)
  4 vault guards (D:13)
  A merfolk avatar (Lair:6)
  6 hydras
  A catoblepas (Lair:3)
  5 centaur warriors
  The ghost of Duffy the Martial Artist, a journeyman OpTm of Cheibriados (Lair:1)
  4 two-headed ogres
  A death yak (IceCv)
  Urug (Lair:4)
  A queen ant (Lair:4)
  A tengu warrior (D:14)
  A queen ant (shapeshifter) (D:15)
  A deep elf knight (Vaults:1)
  A sixfirhy (Gauntlet)
  A sea snake (Lair:6)
  3 unseen horrors
  2 deep elf archers (Vaults:1)
  A glowing orange brain (D:15)
  A lindwurm (Lair:6)
  A harpy (shapeshifter) (D:15)
  A deep elf zephyrmancer (Vaults:1)
  6 orc knights
  6 cyclopes
  21 ugly things
  22 wolf spiders
  4 deep elf pyromancers
  16 orb spiders
  2 orc sorcerers
  5 manticores
  7 elephants (Lair:6)
  Joseph (D:8)
  4 moths of wrath
  An ice statue (IceCv)
  7 black mambas
  11 cane toads
  2 torpor snails
  2 gargoyles (D:14)
  5 centaur skeletons
  9 demonic crawlers
  15 komodo dragons
  7 rime drakes
  An efreet (D:11)
  2 yaktaurs (Vaults:1)
  A queen bee (Lair:3)
  6 trolls
  18 polar bears
  A wind drake (Lair:2)
  32 jumping spiders
  4 hornets
  3 slime creatures (D:15)
  A blink frog (shapeshifter) (D:14)
  A meliai zombie (D:15)
  4 saltlings
  12 blink frogs
  64 redbacks
  5 water elementals (D:15)
  105 yaks
  A vampire (D:10)
  3 hogs (D:15)
  44 tarantellas
  3 wyverns (Lair:6)
  A wraith (D:13)
  6 basilisks
  A hog (shapeshifter) (D:14)
  3 vampire mosquitoes
  5 wargs
  18 soldier ants
  An acid dragon (D:14)
  13 water moccasins
  7 ice beasts
  An eye of draining (D:13)
  5 sky beasts
  31 orc warriors
  3 black bears (Lair:1)
  4 necrophages
  27 wolves
  18 centaurs
  11 ogres
  3 phantoms
  A kobold brigand (D:6)
  23 bullfrogs
  A gnoll sergeant (D:7)
  A water moccasin skeleton (D:10)
  34 scorpions
  34 killer bees
  16 wights
  4 electric eels
  5 howler monkeys
  2 bullfrog zombies
  5 centaur zombies
  A quasit (D:6)
  8 hounds
  2 jellies
  11 orc priests
  A gnoll shaman (Orc:1)
  A bullfrog skeleton (D:10)
  5 iguanas
  Terence (D:3)
  24 orc wizards
  28 worker ants
  2 killer bee zombies (D:5)
  A hound zombie (D:5)
  8 gnolls
  12 adders
  A shadow imp (D:8)
  3 white imps
  7 ufetubi
  An ooze (D:6)
  2 adder zombies
  An adder skeleton (D:5)
  A worm (D:2)
  6 leopard geckos
  87 orcs
  4 giant cockroaches
  4 goblins
  7 hobgoblins
  16 jackals
  9 kobolds
  7 quokkas
  A ball python (D:5)
  12 bats
  6 frilled lizards
  A leopard gecko zombie (D:8)
  9 rats
1106 creatures vanquished.

Vanquished Creatures (collateral kills)
  A soldier ant (Lair:4)
  8 worker ants (Lair:4)
9 creatures vanquished.

Vanquished Creatures (others)
  An unseen horror (Vaults:1)
  2 jumping spiders
  A tarantella (Spider:1)
  A soldier ant (Lair:4)
  A centaur (D:11)
  An orc (Orc:1)
  19 fungi
  78 plants
  5 toadstools (D:3)
109 creatures vanquished.

Grand Total: 1224 creatures vanquished

Notes
Turn   | Place    | Note
-------+----------+-------------------------------------------
     0 | D:1      | Morbidden the Demigod Brigand began the quest for the Orb.
     0 | D:1      | Reached XP level 1. HP: 17/17 MP: 3/3
   267 | D:1      | Reached skill level 1 in Dodging
   802 | D:1      | Reached XP level 2. HP: 24/24 MP: 4/4
  1622 | D:2      | Reached XP level 3. HP: 11/29 MP: 6/6
  2308 | D:2      | You fall into a shaft and drop 2 floors!
  2308 | D:4      | Found Murgh's Assorted Antiques.
  2379 | D:4      | Found Lettevog's Antique Weapon Shop.
  2396 | D:4      | Reached skill level 1 in Spellcasting
  2453 | D:4      | Reached skill level 1 in Shields
  2453 | D:4      | Reached XP level 4. HP: 33/36 MP: 8/8
  2475 | D:4      | Found Ylinecw's Weapon Boutique.
  2491 | D:4      | Found Zogu's Antique Weapon Shop.
  2512 | D:4      | Noticed an ogre
  2567 | D:4      | Killed an ogre
  2568 | D:4      | Reached XP level 5. HP: 19/42 MP: 9/9
  2822 | D:4      | Found Fimidi's Armour Shop.
  3959 | D:4      | Bought a faintly glowing dagger for 147 gold pieces
  3959 | D:4      | Identified the +11 dagger "Asuudat" {venom, Str+3 Dex+7}
                  | (You bought it in a shop on level 4 of the Dungeon)
  3992 | D:3      | Noticed Terence
  3994 | D:3      | Found a sacrificial altar of Ru.
  3999 | D:3      | Killed Terence
  4729 | D:2      | Reached XP level 6. HP: 50/50 MP: 11/11
  5006 | D:5      | Entered Level 5 of the Dungeon
  5043 | D:5      | Reached skill level 2 in Shields
  5376 | D:5      | Got a pair of dazzling boots
  5387 | D:5      | Identified the +0 pair of boots of Polytheism {Int+3 Dex+3}
                  | (You found it on level 5 of the Dungeon)
  5417 | D:5      | Reached XP level 7. HP: 57/57 MP: 14/14
  5454 | D:5      | Learned a level 3 spell: Vampiric Draining
  5565 | D:5      | Reached skill level 1 in Armour
  5941 | D:6      | Reached skill level 5 in Stealth
  6087 | D:6      | Reached skill level 3 in Shields
  6156 | D:6      | Found a staircase to the Ecumenical Temple.
  6179 | D:6      | Got a diamond-encrusted plate armour
  6195 | D:6      | Identified the +1 plate armour "Kampahaw" {rElec Regen+}
                  | (You found it on level 6 of the Dungeon)
  6224 | D:6      | Reached skill level 1 in Necromancy
  6291 | D:6      | Reached XP level 8. HP: 63/63 MP: 15/15
  6525 | D:6      | Reached skill level 4 in Shields
  6844 | Temple   | Entered the Ecumenical Temple
  6922 | D:7      | Found Boru's Weapon Shoppe.
  7321 | D:7      | Reached XP level 9. HP: 71/71 MP: 18/18
  7331 | D:7      | Reached skill level 5 in Short Blades
  7550 | D:7      | Found Igiun's Distillery.
  7562 | D:7      | Bought a potion of curing for 36 gold pieces
  7562 | D:7      | Bought a potion of berserk rage for 60 gold pieces
  7702 | D:4      | Bought a small cabochon ring for 105 gold pieces
  7770 | D:8      | Found a staircase to the Lair.
  7771 | D:8      | Noticed Joseph
  7807 | D:8      | Killed Joseph
  7862 | D:8      | Found Sacuh's Weapon Shoppe.
  7873 | D:8      | Reached skill level 5 in Shields
  8104 | D:8      | Got a glittering bronze ring
  8429 | D:8      | Noticed Gwrg's ghost (novice DrWz)
  8429 | D:8      | Noticed a moth of wrath
  8430 | D:8      | Identified the +6 great mace "Arcanum" {antimagic, Dex+2}
  8430 | D:8      | Noticed a two-headed ogre
  8432 | D:8      | Found a transporter.
  8443 | D:8      | Found a bloodstained altar of Trog.
  8443 | D:8      | Identified the +5 broad axe "Saimeoto" {antimagic, rPois
                  | Will+ Dex+2}
  8443 | D:8      | Noticed a tengu warrior
  8450 | D:8      | Found a transporter.
  8637 | D:9      | Reached XP level 10. HP: 80/80 MP: 20/20
  8727 | D:9      | Reached skill level 6 in Shields
  8776 | D:9      | Found a runed translucent gate.
  8784 | D:9      | Found a runed translucent gate.
  8786 | D:9      | Found a runed translucent gate.
  8786 | D:9      | Noticed Armakuni's ghost (novice DgNe)
  8788 | D:9      | Identified the +3 whip of Saontiv {drain, rN+ Dex+2 Stlth-}
  9223 | D:9      | Found a staircase to the Orcish Mines.
  9421 | D:10     | Entered Level 10 of the Dungeon
  9593 | D:10     | Reached skill level 5 in Fighting
  9620 | D:10     | Identified the ring of Pragmatism {rF++ Will+} (You found
                  | it on level 8 of the Dungeon)
  9643 | D:10     | Found a transporter.
  9643 | D:10     | Noticed an oklob plant
  9643 | D:10     | Noticed a death knight
  9643 | D:10     | Noticed a cyclops
  9650 | D:10     | Noticed highc0's ghost (journeyman DEWz)
  9653 | D:10     | Found a transporter.
 10268 | D:11     | Reached skill level 5 in Dodging
 10268 | D:11     | Reached XP level 11. HP: 73/88 MP: 22/22
 10276 | D:11     | Reached skill level 7 in Shields
 10495 | D:11     | Killed an unseen horror
 10496 | D:11     | Reached skill level 5 in Spellcasting
 10641 | D:11     | Noticed a two-headed ogre
 10650 | D:11     | Killed a two-headed ogre
 11336 | D:12     | Reached skill level 8 in Shields
 11465 | D:12     | Noticed a two-headed ogre
 11497 | D:12     | Killed a two-headed ogre
 11998 | D:13     | Reached XP level 12. HP: 96/96 MP: 1/24
 12010 | D:13     | Reached skill level 5 in Necromancy
 12154 | D:13     | Found a transporter.
 12577 | D:13     | Noticed highc0's ghost (journeyman DEEn)
 12588 | D:13     | Found a gate to the Vaults.
 12588 | D:13     | Noticed a vault guard
 12588 | D:13     | Noticed a vault guard
 12588 | D:13     | Noticed a vault guard
 12588 | D:13     | Noticed a vault guard
 12603 | D:13     | Found a transporter.
 12646 | D:13     | Killed a vault guard
 12664 | D:13     | Killed a vault guard
 12665 | D:13     | Reached skill level 9 in Shields
 12675 | D:13     | Noticed a centaur warrior
 12702 | D:13     | Killed a vault guard
 12711 | D:13     | Killed a vault guard
 12738 | D:13     | Reached skill level 10 in Short Blades
 12738 | D:13     | Reached skill level 5 in Armour
 12832 | D:13     | Noticed a boulder beetle
 12854 | D:13     | Killed a boulder beetle
 13518 | D:14     | You fall into a shaft and drop 1 floor!
 13518 | D:15     | Entered Level 15 of the Dungeon
 13518 | D:15     | Found a staircase to the Depths.
 13527 | D:15     | Noticed an anaconda
 13527 | D:15     | a sea snake changed into an anaconda
 13531 | D:15     | Noticed a centaur warrior
 13585 | D:15     | Found Buocub's General Store.
 13590 | D:15     | Noticed a seven-headed hydra
 13598 | D:15     | Killed a seven-headed hydra
 13607 | D:15     | Noticed a centaur warrior
 13632 | D:15     | Reached XP level 13. HP: 65/105 MP: 26/26
 13676 | D:15     | Found a gate leading to a gauntlet.
 13685 | Gauntlet | Entered a Gauntlet
 13685 | Gauntlet | Found a transporter.
 13685 | Gauntlet | Found a transporter.
 13685 | Gauntlet | Found a transporter.
 13722 | Gauntlet | Found a transporter.
 13736 | Gauntlet | Found a transporter.
 13736 | Gauntlet | Found a transporter.
 13746 | Gauntlet | Found a transporter.
 13764 | Gauntlet | Noticed a cacodemon
 13767 | Gauntlet | Found a transporter.
 13772 | Gauntlet | Found a transporter.
 13791 | Gauntlet | Found a transporter.
 13791 | Gauntlet | Found a transporter.
 13840 | Gauntlet | Found a transporter.
 14006 | Gauntlet | Gained mutation: Your spells are a little harder to cast,
                  | but a little more powerful. [a cacodemon]
 14008 | Gauntlet | Killed a cacodemon
 14009 | Gauntlet | Reached skill level 1 in Evocations
 14019 | Gauntlet | Got a spiked cloak
 14040 | Gauntlet | Identified the +0 cloak of Anelot {Dex+4} (You found it in
                  | a Gauntlet)
 14063 | Gauntlet | Noticed a minotaur
 14102 | Gauntlet | Killed a minotaur
 14694 | D:15     | Noticed a storm dragon
 14702 | D:15     | a storm dragon changed into something unseen
 14715 | D:15     | Noticed an entropy weaver
 14716 | D:15     | Noticed a bunyip
 14716 | D:15     | an entropy weaver changed into a bunyip
 14718 | D:15     | a bunyip changed into an alligator
 14730 | D:15     | Noticed a bunyip
 14730 | D:15     | a great orb of eyes changed into a bunyip
 14733 | D:15     | a bunyip changed into an ettin
 14886 | D:15     | Noticed a bunyip
 14886 | D:15     | a fire dragon changed into a bunyip
 14889 | D:15     | a bunyip changed into a fire dragon
 15126 | D:15     | Noticed Kirke
 15163 | D:15     | Killed Kirke
 15175 | D:15     | Reached skill level 10 in Shields
 16113 | D:14     | Reached XP level 14. HP: 58/118 MP: 29/29
 16480 | Lair:1   | Entered Level 1 of the Lair of Beasts
 16583 | Lair:1   | Found a transporter.
 16606 | Lair:1   | Found a transporter.
 16610 | Lair:1   | Noticed Duffy's ghost (journeyman OpTm)
 17267 | Lair:1   | Killed Duffy's ghost
 17286 | Lair:1   | Got a dazzling helmet
 17297 | Lair:1   | Identified the +1 helmet of Ghostly Happiness {Regen+} (You
                  | found it on level 1 of the Lair of Beasts)
 17540 | Lair:2   | Reached skill level 11 in Shields
 17716 | Lair:2   | Found a staircase to the Shoals.
 18230 | Lair:3   | You fall into a shaft and drop 1 floor!
 18747 | Lair:3   | Found a transporter.
 18753 | Lair:3   | Found a transporter.
 18896 | Lair:3   | Noticed Jugh's ghost (journeyman DDFi)
 18979 | Lair:3   | Found a hole to the Spider Nest.
 19422 | Lair:3   | Killed Jugh's ghost
 19466 | Lair:3   | Learned a level 4 spell: Airstrike
 19741 | Lair:4   | Noticed Urug
 19782 | Lair:4   | Reached skill level 10 in Stealth
 19795 | Lair:4   | Killed Urug
 19796 | Lair:4   | Reached skill level 12 in Shields
 19808 | Lair:4   | Reached skill level 1 in Air Magic
 21181 | Lair:6   | Entered Level 6 of the Lair of Beasts
 21309 | Lair:6   | Reached skill level 10 in Fighting
 21309 | Lair:6   | Reached XP level 15. HP: 121/126 MP: 31/31
 21377 | Lair:6   | Found a staircase to the Slime Pits.
 21386 | Lair:6   | Found a viscous altar of Jiyva.
 21896 | Lair:6   | Identified the +0 cloak of the Hanged Man {Regen+ Int+3
                  | Dex+3} (You found it on level 6 of the Lair of Beasts)
 22417 | Orc:1    | Entered Level 1 of the Orcish Mines
 22552 | Orc:2    | Entered Level 2 of the Orcish Mines
 22579 | Orc:2    | Found Veney's Book Shoppe.
 22698 | Orc:2    | Found a frozen archway.
 22755 | Orc:2    | Reached skill level 13 in Shields
 22762 | IceCv    | Entered an ice cave
 23374 | IceCv    | Identified the Tome of Ice
 23953 | Orc:2    | Found Vuif's Assorted Antiques.
 23953 | Orc:2    | Found Hosouf Itauh's Magic Scroll Shop.
 23955 | Orc:2    | Found Ymisan's Distillery.
 23957 | Orc:2    | Found Ucappamm's Assorted Antiques.
 23961 | Orc:2    | Bought a scroll of teleportation for 87 gold pieces
 23961 | Orc:2    | Bought a scroll of teleportation for 87 gold pieces
 23972 | Orc:2    | Bought a scroll of teleportation for 48 gold pieces
 23972 | Orc:2    | Bought 3 scrolls of blinking for 360 gold pieces
 24018 | Orc:2    | Found a staircase to the Elven Halls.
 24973 | Spider:1 | Entered Level 1 of the Spider Nest
 25803 | Spider:2 | Reached skill level 14 in Shields
 25893 | Spider:2 | Reached XP level 16. HP: 135/135 MP: 33/33
 26084 | Spider:2 | Got a clouded turquoise ring
 27318 | Spider:3 | Identified the ring of the Voivode {rPois rC+ MP+9 Str+2
                  | Int-4 Stlth+} (You found it on level 2 of the Spider Nest)
 27851 | Spider:4 | Entered Level 4 of the Spider Nest
 29371 | Spider:4 | Got a gossamer rune of Zot
 29920 | Vaults:1 | Entered Level 1 of the Vaults
 29977 | Vaults:1 | Found a ruined gateway.
 29995 | Desolati | Entered the Desolation of Salt
 30035 | Desolati | Reached XP level 17. HP: 103/143 MP: 35/35
 30191 | Desolati | Slain by an imperial myrmidon

Illustrated notes

Levels and vault maps discovered:
D:1:      matt_arrival_spirals, layout_basic, minmay_misc_feat_cross
D:2:      layout_loops_ring
D:3:      layout_loops_cross, overflow_temple_1_default,
          minmay_gold_behind_fungi, minivault_27, uniq_terence
D:4:      layout_cave_pools, serial_shops, kennysheep_little_box,
          nicolae_shop_waterfront, nicolae_shop_stone, nicolae_shop_statue_plus,
          shop, serial_bayou_crossing
D:5:      layout_basic
D:6:      layout_gridville, minmay_temple_entry_arrows,
          minmay_unpleasant_kobolds
D:7:      layout_basic, serial_shops, nicolae_shop_window_shopping,
          shop_fountains
D:8:      layout_basic, dpeg_oklobed_lair, gammafunk_ghost_wrathful_warriors,
          serial_shops, nicolae_shop_competitors_out_of_business, uniq_joseph
D:9:      layout_loops_ring, minmay_orc_entry_guard_dogs,
          gammafunk_ghost_nasty_kobolds
D:10:     layout_roguey, nzn_ghost_randoct
D:11:     layout_stronghold, hex_tiny, palyth_stone_intersect,
          lemuel_flamethrower_hall
D:12:     layout_big_octagon
D:13:     layout_basic, lightli_vaults_fourway_checkpoint,
          gammafunk_ghost_stat_death
D:14:     layout_basic, grunt_decor_one_mirror, amcnicky_mini_pool_small,
          grunt_decor_arrowhead
D:15:     gammafunk_enter_depths_forms, layout_basic, minivault_23,
          gauntlet_entry_generic, serial_shops, nicolae_shop_waterfront,
          corexii_hall_statues_l, serial_bayou_pond_c, kennysheep_inner_square,
          uniq_kirke
Temple:   minmay_crystal_snake_temple
Lair:1:   layout_long_grid, gammafunk_ghost_berserking_beasts,
          beast_lair_carwin_4
Lair:2:   layout_misc_corridors, minmay_shoals_entry_beasts, grunt_megastairs_5
Lair:3:   layout_gridlike, spider_nest_entry_web_field,
          gammafunk_ghost_berserking_beasts, special_room [special_room_bee],
          infiniplex_staircase_pool_2
Lair:4:   layout_regular_city, zaba_anthell, serial_bayou_shore_a,
          lemuel_fruit_tree, serial_bayou_shore_b, uniq_urug
Lair:5:   layout_gridlike, serial_bayou_shore_b
Lair:6:   gammafunk_lair_ancient_temple, layout_gridlike, slime_altar_1
Spider:1: layout_spider_delve, spiders_nest_hornet_nest
Spider:2: spiders_nest_a
Spider:3: layout_spider_delve, drop_trap
Spider:4: grunt_spider_rune_circles
Orc:1:    layout_caves, nicolae_orc_sculptors_studio
Orc:2:    st_orc_rangers, layout_caves,
          portal_ice_cave_entry_animals_and_master, serial_shops, shop_fountains
Vaults:1: gammafunk_vaults_ghost_split, nicolae_vaults_border_crossing,
          vaults_standard_mumra_enter_the_diamond,
          nicolae_vaults_ring_of_whatevers, v_rooms_2, v_misc_1,
          hangedman_vaults_maws, v_misc_29, vaults_room_stairs_pillars,
          vaults_dpeg_doors, layout_vaults_big_room,
          portal_desolation_entry_nicolae_nacl
Desolation

Skill      XL: |  1  2  3  4  5  6  7  8  9 10 11 12 13 14 15 16 |
---------------+-------------------------------------------------+-----
Dodging        | 1 2 3 4 5 6 7 8 9 |  9.7
Fighting       | 2 3 4 5 6 7 9 10 | 10.8
Short Blades   | 2 3 4 6 7 9 10 | 10.2
Throwing       | 2 3 |  3.6
Stealth        | 4 5 6 7 8 9 10 11 | 11.2
Spellcasting   | 1 2 3 4 5 6 7 8 9 |  9.1
Shields        | 1 2 3 4 5 6 8 9 10 12 14 | 14.9
Armour         | 1 2 3 4 5 6 7 9 |  9.0
Necromancy     | 1 2 3 4 5 6 7 8 |  8.8
Evocations     | 1 3 |  3.5
Air Magic      | 1 3 4 |  4.8

Action                   |  1- 3 |  4- 6 |  7- 9 | 10-12 | 13-15 | 16-18 || total
-------------------------+-------+-------+-------+-------+-------+-------++-------
Melee: Dagger            |   121 |   178 |   377 |  1190 |  2798 |  1034 ||  5698
Throw: Dart              |    18 |    26 |     6 |       |    32 |    15 ||    97
 Cast: Vampiric Draining |       |       |       |       |       |     3 ||     3
Evoke: Wand              |       |       |       |     7 |    20 |       ||    27
       Condenser vane    |       |       |       |       |     3 |     3 ||     6
  Use: Scroll            |       |     2 |     2 |    16 |    25 |     8 ||    53
       Potion            |       |       |       |       |     4 |     3 ||     7
 Stab: Sleeping          |     7 |     2 |       |       |       |       ||     9
       Confused          |       |       |       |       |     8 |       ||     8
       Distracted        |       |       |       |       |       |     1 ||     1
       Held in net/web   |       |       |       |       |       |     1 ||     1
Armor: Robe              |    31 |    14 |       |       |       |       ||    45
       Chain mail        |       |    29 |    22 |       |       |       ||    51
       Plate armour      |       |       |   103 |   336 |   694 |   604 ||  1737
Dodge: Dodged            |    64 |    75 |    87 |   245 |   705 |   405 ||  1581
Block: Buckler           |     6 |    77 |   183 |   500 |   162 |       ||   928
       Reflection        |       |     2 |    10 |    16 |    84 |    13 ||   125
       Tower shield      |       |       |       |       |  2824 |  1668 ||  4492

Table legend: (Time is in decaauts)
 A = Elapsed time spent in this place.
 B = Non-inter-level travel time spent in this place.
 C = Inter-level travel time spent in this place.
 D = Time resting spent in this place.
 E = Time spent auto-exploring this place.
 F = Levels seen in this place.
 G = Mean time per level.
                   A        B        C        D        E       F      G
               +--------+--------+--------+--------+--------+-----+--------+
         Total |  28621 |  26877 |   1744 |    584 |  18515 |  32 |  894.4 |
       Dungeon |  15320 |  14344 |    976 |    121 |  10699 |  15 | 1021.3 |
        Temple |      1 |      1 |      0 |      0 |      0 |   1 |    1.0 |
          Lair |   6038 |   5565 |    473 |    236 |   3684 |   6 | 1006.3 |
   Spider Nest |   4257 |   4133 |    124 |    127 |   2606 |   4 | 1064.2 |
  Orcish Mines |   1582 |   1412 |    170 |      0 |    922 |   2 |  791.0 |
        Vaults |     68 |     68 |      0 |      0 |      0 |   1 |   68.0 |
      Ice Cave |    695 |    695 |      0 |      0 |    326 |   1 |  695.0 |
    Desolation |    172 |    172 |      0 |    100 |      2 |   1 |  172.0 |
      Gauntlet |    483 |    483 |      0 |      0 |    275 |   1 |  483.0 |
               +--------+--------+--------+--------+--------+-----+--------+

Top non-repeatable levels by time:
Spider:4: 1724 daAuts
     D:1: 1541 daAuts
  Lair:3: 1531 daAuts
    D:15: 1519 daAuts
     D:4: 1263 daAuts
   Orc:2: 1153 daAuts
     D:2: 1145 daAuts
    D:13: 1103 daAuts
  Lair:6: 1079 daAuts
     D:3: 1068 daAuts
  Lair:4: 1063 daAuts
Spider:3: 1053 daAuts
  Lair:1: 1021 daAuts
     D:5: 944 daAuts
     D:6: 930 daAuts
